 Dungeon Crawl Stone Soup version 0.20.0-15-g7f486f2 (webtiles) character file.

45045 asdasd2 the Severer (level 13, -10/125 HPs)
             Began as a Minotaur Fighter on June 11, 2017.
             Was the Champion of Okawaru.
             Killed from afar by Nicoed's ghost (25 damage)
             ... with a spray of energy
             ... on level 4 of the Lair of Beasts.
             The game lasted 00:35:22 (20522 turns).

asdasd2 the Severer (Minotaur Fighter)             Turns: 20522, Time: 00:35:23

Health: -10/125    AC: 22    Str: 28    XL:     13   Next: 99%
Magic:  14/14      EV: 10    Int:  8    God:    Okawaru [******]
Gold:   951        SH:  0    Dex: 10    Spells: 12/12 levels left

rFire    + . .     SeeInvis .   a - +1 war axe
rCold    . . .     Gourm    .   (no shield)
rNeg     . . .     Faith    .   I - +0 plate armour
rPois    .         Spirit   .   Y - +2 hat {Int+3}
rElec    .         Reflect  .   (no cloak)
rCorr    .         Harm     .   E - +0 pair of gloves
MR       .....                  K - +0 pair of boots {Fly}
Stlth    ..........             (no amulet)
Regen    0.3/turn               i - ring of protection from fire
MPRegen  0.2/turn               v - +2 ring of strength

@: flying
A: retaliatory headbutt, horns 2
a: Heroism, Finesse, Renounce Religion, Stop Flying


You were on level 4 of the Lair of Beasts.
You worshipped Okawaru.
Okawaru was exalted by your worship.
You were near starving.

You visited 3 branches of the dungeon, and saw 18 of its levels.

You collected 951 gold pieces.

Inventory:

Hand Weapons
 a - a +1 war axe (weapon)
 O - a +3 scimitar of flaming
 X - the +1 executioner's axe of the Coin {chop, rC+ Stlth+}
   (Okawaru gifted it to you on level 4 of the Lair of Beasts)

   It inflicts extra damage upon your enemies.
   It protects you from cold.
   It makes you more stealthy.
Armour
 E - a +0 pair of gloves (worn)
 I - a +0 plate armour (worn)
 K - a +0 pair of boots of flying (worn)
 Y - a +2 hat of intelligence (worn)
Jewellery
 c - an uncursed amulet of harm
 i - a ring of protection from fire (left hand)
 t - a +1 ring of protection
 v - a +2 ring of strength (right hand)
 J - an uncursed ring of magical power
 P - an uncursed ring of stealth
Wands
 b - a wand of paralysis (4/24)
 d - a wand of lightning (8/15)
 y - a wand of acid (11/15)
 C - a wand of lightning (7/15)
 F - a wand of paralysis (14/24)
 G - a wand of random effects (40/48)
 M - a wand of disintegration (5/24)
 N - a wand of flame (14/48)
 Q - a wand of disintegration (19/24)
 T - a wand of disintegration (18/24)
 U - a wand of flame (37/48)
 W - a wand of lightning (3/15)
 Z - a wand of confusion (21/48)
Scrolls
 h - 8 scrolls of remove curse
 k - a scroll of teleportation
 l - 2 scrolls of fear
 n - 2 scrolls of enchant armour
 q - 4 scrolls of identify
 w - 4 scrolls of fog
 z - 2 scrolls of recharging
 H - a scroll of magic mapping
 R - 2 scrolls of amnesia
 S - a scroll of blinking
Potions
 e - a potion of might
 j - a potion of curing
 m - a potion of resistance
 o - 3 potions of flight
 p - 3 potions of agility
 r - a potion of magic
 u - 4 potions of lignification
 x - 3 potions of haste
 A - a potion of ambrosia
 B - 3 potions of mutation
 D - 4 potions of brilliance
 L - 2 potions of berserk rage
 V - 3 potions of heal wounds
Comestibles
 f - 9 bread rations
 g - 8 meat rations
 s - 3 royal jellies


   Skills:
 + Level 14.3 Fighting
 - Level 2.6 Long Blades
 + Level 17.0 Axes
 + Level 15.7 Armour
 + Level 4.8 Dodging
   Level 3.6 Shields
 + Level 2.1 Invocations
 * Level 3.4 Evocations


You had 12 spell levels left.
You didn't know any spells.

Dungeon Overview and Level Annotations

Branches:
Dungeon (13/15)            Temple (1/1) D:4            Lair (4/6) D:9
  Swamp (0/4) Lair:2       Spider (0/4) Lair:2          Orc (0/2) D:10
 Vaults: D:13-14

Altars:
Ashenzari
Cheibriados
Dithmenos
Elyvilon
Fedhas
Gozag
Hepliaklqana
Kikubaaqudgha
Makhleb
Nemelex Xobeh
Okawaru
Qazlal
Ru
Sif Muna
Trog
Uskayaw
Vehumet
Xom
Yredelemnul
Zin
The Shining One

Shops:
D:9 (

Portals:
Trove: D:11 (give +5 demon trident)

Annotations:
D:13 Nessos
Lair:4 Nicoed's ghost, journeyman OpCj


Innate Abilities, Weirdness & Mutations

You reflexively headbutt those who attack you in melee.
You have a pair of horns on your head.


Message History

You completely miss Nicoed's ghost. Your headbutt misses Nicoed's ghost.
Nicoed's ghost is severely damaged.
Nicoed's ghost casts a spell at you. The spray of energy hits you!
* * * LOW HITPOINT WARNING * * *
You feel less confused.
You hit Nicoed's ghost.
Nicoed's ghost is almost destroyed.
You miss Nicoed's ghost.
Nicoed's ghost is almost destroyed.
Nicoed's ghost hits you!
* * * LOW HITPOINT WARNING * * *
Nicoed's ghost burns you.
* * * LOW HITPOINT WARNING * * *
You are near starving!
You closely miss Nicoed's ghost. You headbutt Nicoed's ghost!
Nicoed's ghost is almost destroyed.
Nicoed's ghost casts a spell at you. The spray of energy hits you!
You die...

PP.##....#..###.#
.##.#P.......P.#.##.#
........#........... .
#......#..†P.......> ..
#.......#........... # ...
.....P......##........... .#. ..
#.....l......##..#P....... .@..#.
......###.####...##.......
..P.#W##......##@##.##...#.#.#..#
...............W..........##.....
b................)...............
...$...h..........<..............
......hh.........................
.......h..P......................
...............<.........###.#
....#........#.#.#..#...P# ## .#.
#..%....##.#...##....P#


You could see Nicoed's ghost.

Vanquished Creatures
  Rupert (Lair:4)
  Kirke (D:12)
  Azrael (D:12)
  Snorg (D:13)
  Josephine (D:11)
  3 hydras
  4 two-headed ogres
  A centaur warrior (D:12)
  The ghost of removed the Carver, a novice DEFi of Ru (D:8)
  2 ugly things (D:12)
  A cyclops (D:12)
  3 elephants (Lair:4)
  A torpor snail (Lair:4)
  A gargoyle (D:12)
  3 black mambas
  4 spiny frogs
  A yaktaur (D:13)
  2 rime drakes
  The ghost of Setanta the Basher, a novice GrFi of the Shining One (D:5)
  6 komodo dragons
  2 jumping spiders (Lair:2)
  A troll (D:13)
  2 hornets
  Grinder (D:5)
  14 blink frogs
  A hippogriff (D:7)
  A redback (Lair:2)
  43 yaks
  7 spriggans (Lair:2)
  2 wyverns
  Eustachio (D:5)
  5 wraiths
  A basilisk (Lair:2)
  4 hogs (D:12)
  6 fire elementals
  A steam dragon (D:10)
  3 wargs (D:9)
  2 soldier ants
  An acid dragon (D:13)
  11 water moccasins
  A hell hound (D:12)
  2 hornet zombies
  7 porcupines
  3 sky beasts
  2 black bears
  15 orc warriors
  4 ice beasts
  An eye of draining (D:10)
  2 phantoms
  7 ogres
  7 wolves
  A centaur (D:7)
  6 crocodiles
  A big kobold (D:9)
  11 bullfrogs
  3 scorpions
  5 killer bees (D:13)
  3 wights (D:11)
  An electric eel (Lair:3)
  7 howler monkeys
  3 bullfrog zombies
  5 crimson imps
  A quasit (D:12)
  9 hounds
  2 jellies
  2 centaur skeletons
  17 orc wizards
  9 orc priests
  5 bullfrog skeletons
  A gnoll shaman (D:8)
  3 iguanas
  Natasha (thrice) (D:3)
  10 worker ants
  A hound zombie (D:7)
  A worker ant zombie (D:6)
  13 gnolls
  A howler monkey skeleton (D:6)
  11 adders
  6 shadow imps
  3 dart slugs
  5 leopard geckos
  56 orcs
  6 giant cockroaches
  6 hobgoblins
  18 jackals
  5 quokkas
  A ball python (D:4)
  7 bats
  5 frilled lizards
  8 goblins
  12 kobolds
  A leopard gecko skeleton (D:6)
  A quokka skeleton (D:5)
  17 rats
  A fungus (Lair:4)
492 creatures vanquished.

Vanquished Creatures (others)
  An unseen horror (D:11)
  3 humans (D:12)
  A hound (D:12)
  An orc wizard (D:10)
  8 fungi (Lair:4)
  5 plants
19 creatures vanquished.

Grand Total: 511 creatures vanquished

Notes
Turn   | Place    | Note
-------+----------+-------------------------------------------
     0 | D:1      | asdasd2 the Minotaur Fighter began the quest for the Orb.
     0 | D:1      | Reached XP level 1. HP: 19/19 MP: 0/0
   346 | D:1      | Reached XP level 2. HP: 27/27 MP: 1/1
   671 | D:1      | Reached XP level 3. HP: 31/33 MP: 2/2
   784 | D:2      | Found a bloodstained altar of Trog.
   856 | D:2      | Reached skill level 3 in Axes
   942 | D:2      | Found a snail-covered altar of Cheibriados.
  1037 | D:2      | Found a bloodstained altar of Trog.
  1047 | D:2      | Found a blossoming altar of Fedhas.
  1279 | D:2      | Reached XP level 4. HP: 40/41 MP: 3/3
  1551 | D:3      | Noticed Natasha
  1579 | D:3      | Killed Natasha
  1579 | D:3      | Reached skill level 5 in Armour
  1582 | D:3      | Reached skill level 1 in Dodging
  1612 | D:3      | Reached XP level 5. HP: 42/47 MP: 4/4
  1694 | D:3      | Noticed Natasha
  1706 | D:3      | Killed Natasha
  1707 | D:3      | HP: 2/47 [goblin/wand of lightning (?/15) (27)]
  1964 | D:3      | Reached skill level 4 in Axes
  1973 | D:3      | Reached skill level 5 in Fighting
  2058 | D:3      | Noticed Natasha
  2172 | D:3      | Killed Natasha
  2548 | D:4      | Noticed an ogre
  2643 | D:4      | Noticed an ogre
  2649 | D:4      | Killed an ogre
  2649 | D:4      | Reached XP level 6. HP: 38/56 MP: 5/5
  2721 | D:4      | Reached skill level 5 in Axes
  2989 | D:4      | Found a staircase to the Ecumenical Temple.
  2994 | Temple   | Entered the Ecumenical Temple
  3092 | Temple   | Became a worshipper of Warmaster Okawaru
  3575 | D:5      | Entered Level 5 of the Dungeon
  3601 | D:5      | Reached XP level 7. HP: 50/61 MP: 6/6
  3839 | D:5      | Noticed Eustachio
  3864 | D:5      | Killed Eustachio
  3864 | D:5      | Reached skill level 6 in Axes
  3928 | D:5      | Noticed Setanta's ghost (novice GrFi)
  3991 | D:5      | HP: 2/62 [Setanta's ghost (4)]
  3993 | D:5      | Killed Setanta's ghost
  3993 | D:5      | Reached * piety under Okawaru
  4475 | D:5      | Reached skill level 7 in Axes
  4475 | D:5      | Reached XP level 8. HP: 70/70 MP: 7/7
  4599 | D:5      | Found a glowing silver altar of Zin.
  4821 | D:5      | Noticed Grinder
  4835 | D:5      | Killed Grinder
  5073 | D:6      | Reached skill level 8 in Axes
  5366 | D:6      | Found an opulent altar of Gozag.
  5407 | D:6      | Found a shadowy altar of Dithmenos.
  5420 | D:6      | Reached ** piety under Okawaru
  5674 | D:6      | Reached skill level 9 in Axes
  5789 | D:6      | Reached XP level 9. HP: 56/78 MP: 8/8
  5911 | D:6      | Found a hazy altar of Hepliaklqana.
  6378 | D:7      | Reached skill level 10 in Axes
  6831 | D:7      | Reached *** piety under Okawaru
  7450 | D:8      | Reached skill level 10 in Armour
  7653 | D:8      | Reached skill level 11 in Axes
  7720 | D:8      | Noticed removed's ghost (novice DEFi)
  8040 | D:8      | Killed removed's ghost
  8040 | D:8      | Reached XP level 10. HP: 62/90 MP: 7/9
  8084 | D:8      | Found a glowing golden altar of the Shining One.
  8143 | D:8      | Noticed a two-headed ogre
  8151 | D:8      | Killed a two-headed ogre
  8151 | D:8      | Reached **** piety under Okawaru
  8350 | D:8      | Noticed a two-headed ogre
  8356 | D:8      | Killed a two-headed ogre
  8488 | D:9      | Found an ancient bone altar of Kikubaaqudgha.
  8715 | D:9      | Found a radiant altar of Vehumet.
  8720 | D:9      | Reached skill level 12 in Axes
  9068 | D:9      | Found a staircase to the Lair.
  9088 | D:9      | Reached skill level 10 in Fighting
  9158 | D:9      | Reached ***** piety under Okawaru
  9417 | D:9      | Found Lulet's Antique Weapon Boutique.
  9528 | D:10     | Entered Level 10 of the Dungeon
  9663 | D:10     | Reached XP level 11. HP: 79/100 MP: 10/10
 10182 | D:10     | Reached skill level 13 in Axes
 10606 | D:10     | Found a staircase to the Orcish Mines.
 11248 | D:11     | Noticed Josephine
 11364 | D:11     | Killed an unseen horror
 11369 | D:11     | Killed Josephine
 11370 | D:11     | Noticed a two-headed ogre
 11379 | D:10     | Received a gift from Okawaru
 11787 | D:11     | Killed a two-headed ogre
 11787 | D:11     | Reached skill level 14 in Axes
 11844 | D:11     | Reached ****** piety under Okawaru
 12304 | D:11     | Found a portal to a secret trove of treasure.
 12714 | D:12     | Noticed a centaur warrior
 12776 | D:12     | Noticed a white ugly thing
 12800 | D:12     | Killed a white ugly thing
 12800 | D:12     | Reached XP level 12. HP: 28/111 MP: 9/11
 13364 | D:12     | Noticed Kirke
 13388 | D:12     | Noticed a sphinx
 13399 | D:12     | Paralysed by a sphinx for 3 turns
 13422 | D:12     | Killed Kirke
 13422 | D:12     | Reached skill level 15 in Axes
 13422 | D:12     | Reached skill level 1 in Invocations
 13625 | D:12     | Received a gift from Okawaru
 13654 | D:12     | Noticed a two-headed ogre
 13662 | D:12     | Killed a two-headed ogre
 13687 | D:12     | Killed a centaur warrior
 13754 | D:12     | Noticed Azrael
 14277 | D:12     | Killed Azrael
 14430 | D:12     | Found a shattered altar of Ashenzari.
 14661 | D:13     | Reached skill level 16 in Axes
 14994 | D:13     | Noticed Snorg
 15108 | D:13     | Killed Snorg
 15683 | D:13     | Noticed Nessos
 16183 | Lair:1   | Entered Level 1 of the Lair of Beasts
 16376 | Lair:1   | Reached XP level 13. HP: 107/119 MP: 13/13
 17321 | Lair:2   | Found a staircase to the Swamp.
 17607 | Lair:2   | Found a hole to the Spider Nest.
 17913 | Lair:2   | Reached skill level 15 in Armour
 18007 | Lair:2   | Received a gift from Okawaru
 18451 | Lair:2   | Reached skill level 1 in Evocations
 19027 | Lair:3   | Reached skill level 1 in Long Blades
 19705 | Lair:4   | Noticed Rupert
 19705 | Lair:4   | Noticed Nicoed's ghost (journeyman OpCj)
 20424 | Lair:4   | Killed Rupert
 20424 | Lair:4   | Received a gift from Okawaru
 20424 | Lair:4   | Reached skill level 17 in Axes
 20427 | Lair:4   | Got a scorched executioner's axe {god gift}
 20429 | Lair:4   | Identified the +1 executioner's axe of the Coin {chop, rC+ Stlth+} (Okawaru gifted it to you on level 4 of the Lair of Beasts)
 20522 | Lair:4   | Killed from afar by Nicoed's ghost

Skill      XL: |  1  2  3  4  5  6  7  8  9 10 11 12 13 |
---------------+----------------------------------------+-----
Armour         | 4 5 6 7 9 10 11 13 14 15 | 15.7
Fighting       | 4 5 6 8 10 11 12 14 | 14.3
Axes           | 3 4 5 7 9 11 12 14 16 17 | 17.0
Dodging        | 1 2 3 4 |  4.8
Invocations    | 1 2 |  2.1
Evocations     | 3 |  3.4
Long Blades    | 2 |  2.6
Shields        | |  3.6

Action                   |  1- 3 |  4- 6 |  7- 9 | 10-12 | 13-15 || total
-------------------------+-------+-------+-------+-------+-------++-------
Melee: War axe           |   105 |    87 |   301 |   797 |   358 ||  1648
       Headbutt          |    10 |    14 |    61 |   201 |    90 ||   376
       Punch             |       |       |       |     3 |       ||     3
       Scimitar          |       |       |       |       |    21 ||    21
Invok: Heroism           |       |       |     2 |     6 |     3 ||    11
       Finesse           |       |       |       |     2 |     1 ||     3
  Use: Scroll            |     1 |    10 |     8 |     7 |     8 ||    34
       Potion            |       |     1 |     8 |     2 |     1 ||    12
  Eat: Chunk             |     1 |     3 |     9 |    17 |     9 ||    39
       Royal jelly       |       |     1 |       |     1 |       ||     2
       Fruit             |       |     3 |       |    10 |     4 ||    17
       Bread ration      |       |       |     1 |       |       ||     1
Armor: Scale mail        |    62 |    22 |       |       |       ||    84
       Chain mail        |       |    17 |   149 |    54 |       ||   220
       Plate armour      |       |       |       |   369 |   218 ||   587
Dodge: Dodged            |    65 |    45 |   128 |   314 |   162 ||   714
       Rpst.: Scimitar   |       |       |       |       |     2 ||     2
